 Dungeon Crawl Stone Soup version 0.28-a0-1616-g050a50673c (webtiles) character file.

Game seed: 910773062496539621

5154 SkeletonJelly the Carver (level 10, -2/93 HPs)
             Began as a Black Draconian Monk on Jan 22, 2022.
             Was a Believer of Makhleb.
             Slain by a boulder beetle (24 damage)
             ... on level 8 of the Dungeon on Jan 23, 2022.
             The game lasted 00:19:13 (8593 turns).

SkeletonJelly the Carver (Black Draconian Monk)     Turns: 8593, Time: 00:19:14

Health: -2/93      AC:  8    Str: 28    XL:     10   Next: 33%
Magic:  13/13      EV: 12    Int: 10    God:    Makhleb [**....]
Gold:   223        SH:  0    Dex: 13    Spells: 9/9 levels left

rFire   . . .      SeeInvis .   t - +4 falchion (freeze)
rCold   . . .      Faith    .   (no shield)
rNeg    . . .      Spirit   .   (armour unavailable)
rPois   .          Reflect  .   (helmet restricted)
rElec   +          Harm     .   s - +0 cloak
rCorr   +          Rampage  .   (no gloves)
Will    .....                   (no boots)
Stlth   ++........              (no amulet)
HPRegen 0.25/turn               e - ring "Imyhunus" {Fly rCorr Str+6 Dex-3 Slay+5}
MPRegen 0.13/turn               o - +6 ring of strength

@: flying
A: breathe lightning, AC +7, unfitting armour, electricity resistance,
cold-blooded
a: Breathe Lightning, Renounce Religion, Minor Destruction


You were on level 8 of the Dungeon.
You worshipped Makhleb.
Makhleb was pleased with you.
You visited 2 branches of the dungeon, and saw 9 of its levels.

You collected 223 gold pieces.

Inventory:

Hand Weapons
 a - a +0 falchion
 c - a +2 dagger of draining
 j - a +0 long sword
 t - a +4 falchion of freezing (weapon)
 u - a +2 short sword of speed
Missiles
 p - 24 poisoned darts
Armour
 s - a +0 cloak (worn)
Jewellery
 e - the ring "Imyhunus" (left hand) {Fly rCorr Str+6 Dex-3 Slay+5}
   (You found it on level 2 of the Dungeon)

   [ring of flight]

   Str:       It affects your strength (+6).
   Dex:       It affects your dexterity (-3).
   Slay:      It affects your accuracy & damage with ranged weapons and melee
   (+5).
   Fly:       It grants you flight.
   rCorr:     It protects you from acid and corrosion.
 n - a ring of ice
 o - a +6 ring of strength (right hand)
 q - a ring of protection from fire
 z - a +6 ring of intelligence
Wands
 i - a wand of charming (11)
 v - a wand of paralysis (2)
 y - a wand of mindburst (9)
Scrolls
 d - 7 scrolls of identify
 f - a scroll of fear {unknown}
 g - 2 scrolls of immolation {unknown}
 h - a scroll of enchant armour {unknown}
 k - a scroll of teleportation
 m - a scroll of torment {unknown}
 x - a scroll of brand weapon {unknown}
Potions
 b - a potion of lignification {unknown}
 l - a potion of curing {unknown}
 r - a potion of flight {unknown}
 w - 3 potions of degeneration {unknown}
 A - a potion of mutation {unknown}
 B - a potion of might {unknown}


   Skills:
 + Level 10.3 Fighting
 - Level 12.0 Long Blades
 - Level 2.6 Dodging
 - Level 1.7 Stealth
 * Level 5.0 Invocations


You had 9 spell levels left.
You didn't know any spells.
Your spell library contained the following spells:

 Spells                   Type           Power      Damage    Failure   Level
 Animate Skeleton         Necr           0%         N/A       36%         1
 Foxfire                  Conj/Fire      0%         2x1d4     36%         1
 Pain                     Necr           0%         1d4       36%         1
 Summon Small Mammal      Summ           0%         N/A       36%         1
 Call Canine Familiar     Summ           0%         N/A       75%         3
 Conjure Flame            Conj/Fire      0%         6-21      75%         3
 Inner Flame              Hex/Fire       0%         N/A       75%         3
 Summon Guardian Golem    Hex/Summ       0%         N/A       75%         3
 Swiftness                Air            0%         N/A       75%         3
 Vampiric Draining        Necr           0%         2d6       75%         3
 Flame Wave               Conj/Fire      0%         2d4       98%         4
 Excruciating Wounds      Necr           0%         N/A       100%        5
 Iskenderun's Battlesphe  Conj           0%         2d6       100%        5
 Conjure Ball Lightning   Conj/Air       0%         3x3d6     100%        6
 Death Channel            Necr           0%         N/A       100%        6
 Iron Shot                Conj/Erth      0%         9d1       100%        6
 Spellforged Servitor     Conj/Summ      0%         N/A       100%        7


Dungeon Overview and Level Annotations

Branches:
Dungeon (8/15)             Temple (1/1) D:7
   Lair: D:8-11

Altars:
Ashenzari
Cheibriados
Dithmenos
Elyvilon
Fedhas
Gozag
Hepliaklqana
Kikubaaqudgha
Makhleb
Nemelex Xobeh
Okawaru
Qazlal
Ru
Sif Muna
Uskayaw
Vehumet
Wu Jian
Xom
Yredelemnul
Zin
The Shining One

Shops:
D:7 !


Innate Abilities, Weirdness & Mutations

You can breathe wild blasts of lightning.
Your glossy black scales are hard. (AC +7)
You cannot fit into any form of body armour.
You are resistant to electric shocks. (rElec)
You are cold-blooded and may be slowed by cold attacks.


Message History

A howler monkey zombie comes into view.
You hit the kobold brigand. You freeze the kobold brigand.
The kobold brigand is almost dead.
You barely miss the kobold brigand.
The kobold brigand is almost dead.
The kobold brigand barely misses you.
You closely miss the kobold brigand.
The kobold brigand is almost dead.
The kobold hits you but does no damage. The kobold brigand closely misses you.
You closely miss the kobold brigand.
The kobold brigand is almost dead.
The kobold brigand hits you with a +0 whip.
You take 2 damage, and have 91/93 hp.
You slash the kobold brigand! You freeze the kobold brigand.
You kill the kobold brigand!
Makhleb accepts your kill.
You slice the kobold!! You freeze the kobold.
You kill the kobold!
Makhleb accepts your kill.
The kobold hits you with a +0 short sword.
You take 3 damage, and have 88/93 hp.
You miss the kobold.
The kobold hits you with a +0 short sword.
You take 3 damage, and have 85/93 hp.
You slash the kobold! You freeze the kobold.
You kill the kobold!
Makhleb accepts your kill.
You feel better.
Found a morningstar.
The howler monkey zombie hits you.
Things that are here:
a +0 short sword; 8 poisoned darts; a kobold corpse You take 5 damage, and have 81/93 hp.
You slice the howler monkey zombie!! You freeze the howler monkey zombie.
The howler monkey zombie is almost destroyed.
The howler monkey zombie barely misses you.
You slice the howler monkey zombie!!
You destroy the howler monkey zombie!
Makhleb accepts your kill.
Your Invocations skill increases to level 5!
No target in view!
No target in view!
No target in view!
No target in view!
No target in view!
Key pressed, stopping explore.
p - 16 poisoned darts (gained 8)
Things that are here:
a +0 short sword; a kobold corpse Health restored: 93
p - 24 poisoned darts (gained 8)
You see here a +0 whip.
A boulder beetle comes into view.
Found a scroll labelled NUTHEOTEUR.
A boulder beetle is nearby!
A boulder beetle is nearby!
A boulder beetle is nearby!
Aiming: Mindburst
Press: ? - help, Shift-Dir - straight line, f - boulder beetle
Aim: a boulder beetle (chance to affect: 47%)
The boulder beetle's mind is blasted!
The boulder beetle curls into a ball and begins rolling!
Aiming: Mindburst
Press: ? - help, Shift-Dir - straight line, f/p - boulder beetle
Aim: a boulder beetle (lightly wounded, rolling, chance to affect: 47%)
The boulder beetle resists with some effort.
Aiming: Mindburst
Press: ? - help, Shift-Dir - straight line, f/p - boulder beetle
Aim: a boulder beetle (lightly wounded, rolling, chance to affect: 47%)
The boulder beetle's mind is blasted!
Aiming: Mindburst
Press: ? - help, Shift-Dir - straight line, f/p - boulder beetle
Aim: a boulder beetle (lightly wounded, rolling, chance to affect: 47%)
The boulder beetle resists with some effort.
Aiming: Paralyse
Press: ? - help, Shift-Dir - straight line, f/p - boulder beetle
Aim: a boulder beetle (lightly wounded, rolling, chance to affect: 31%)
The boulder beetle easily resists.
The boulder beetle hits you!!
The boulder beetle stops rolling and uncurls.
You take 27 damage, and have 66/93 hp.
MASSIVE DAMAGE!!
Aiming: Paralyse
Press: ? - help, Shift-Dir - straight line, f/p - boulder beetle
Aim: a boulder beetle (lightly wounded, chance to affect: 31%)
The boulder beetle easily resists.
The boulder beetle bites you!!
You take 26 damage, and have 40/93 hp.
MASSIVE DAMAGE!!
Aiming: Paralyse
Press: ? - help, Shift-Dir - straight line, f/p - boulder beetle
Aim: a boulder beetle (lightly wounded, chance to affect: 31%)
The boulder beetle easily resists.
The boulder beetle bites you.
You take 1 damage, and have 39/93 hp.
Aiming: Paralyse
Press: ? - help, Shift-Dir - straight line, f/p - boulder beetle
Aim: a boulder beetle (lightly wounded, chance to affect: 31%)
The boulder beetle easily resists.
The boulder beetle bites you!
* * * LOW HITPOINT WARNING * * *
You take 17 damage, and have 22/93 hp.
Aiming: Paralyse
Press: ? - help, Shift-Dir - straight line, f/p - boulder beetle
Aim: a boulder beetle (lightly wounded, chance to affect: 31%)
The boulder beetle easily resists.
The boulder beetle bites you!!
You die...

.....##))#.....<............#
....)......###.............(.
........#### .###.........#.
........#### #.#.............
...........# .......
...........# .......
...........##.......
............#.......
###.........@B.....#
###########.####.# .# .# ..
.? ... ...


You could see a boulder beetle.

Vanquished Creatures
  A two-headed ogre (D:8)
  Pikel (D:4)
  An ugly thing (D:7)
  A troll (D:7)
  Prince Ribbit (D:6)
  A slime creature (D:7)
  A wraith (D:8)
  Eustachio (D:5)
  An acid dragon (D:6)
  2 water moccasins
  An orc warrior (D:6)
  3 sky beasts
  An ice beast (D:7)
  A black bear (D:6)
  3 necrophages
  3 ogres
  2 phantoms (D:6)
  2 kobold brigands (D:8)
  Blork the orc (D:4)
  2 scorpions
  A wyvern zombie (D:6)
  A wyvern skeleton (D:7)
  5 wights
  A howler monkey (D:5)
  A hound (D:4)
  2 orc priests
  Crazy Yiuf (D:4)
  3 jellies
  A bullfrog skeleton (D:5)
  A centaur skeleton (D:6)
  Jessica (D:2)
  Terence (D:2)
  An iguana (D:6)
  Natasha (D:4)
  2 orc wizards
  A howler monkey zombie (D:8)
  9 adders
  A white imp (D:6)
  A worm (D:2)
  3 dart slugs
  16 orcs
  4 endoplasms
  3 giant cockroaches
  6 goblins
  10 hobgoblins
  14 kobolds
  2 quokkas (D:3)
  5 ball pythons
  9 bats
  3 frilled lizards
  2 rats (D:1)
142 creatures vanquished.

Notes
Turn   | Place    | Note
-------+----------+-------------------------------------------
     0 | D:1      | SkeletonJelly the Draconian Monk began the quest for the
                  | Orb.
     0 | D:1      | Reached XP level 1. HP: 19/19 MP: 1/1
   322 | D:1      | Reached XP level 2. HP: 23/24 MP: 2/2
  1225 | D:2      | Identified the ring "Imyhunus" {Fly rCorr Str+6 Dex-3
                  | Slay+5}
  1260 | D:2      | Noticed Terence
  1270 | D:2      | Reached skill level 4 in Long Blades
  1270 | D:2      | Reached XP level 3. HP: 24/33 MP: 3/3
  1271 | D:2      | Killed Terence
  1429 | D:2      | Got Vawamiso's Compendium of Flight and Unholy Arts
  1472 | D:2      | Reached XP level 4. HP: 40/40 MP: 4/4
  1672 | D:2      | Noticed Jessica
  1684 | D:2      | Killed Jessica
  2048 | D:3      | Reached skill level 5 in Long Blades
  2068 | D:3      | Found a faded altar of an unknown god.
  2144 | D:3      | Reached XP level 5. HP: 37/47 MP: 5/5
  2851 | D:4      | Noticed Pikel
  2851 | D:4      | Noticed a lemure
  2851 | D:4      | Noticed a lemure
  2853 | D:4      | Noticed a lemure
  3254 | D:4      | Noticed an ogre
  3260 | D:4      | Killed an ogre
  3261 | D:4      | Reached skill level 5 in Fighting
  3261 | D:4      | Reached skill level 6 in Long Blades
  3261 | D:4      | Reached XP level 6. HP: 56/56 MP: 6/6
  3289 | D:4      | Killed Pikel
  3290 | D:4      | Reached skill level 7 in Long Blades
  3290 | D:4      | Your scales start taking on a glossy black colour.
  3290 | D:4      | Reached XP level 7. HP: 50/63 MP: 7/7
  3290 | D:4      | Gained mutation: You are resistant to electric shocks.
                  | (rElec) [Black Draconian growth]
  3721 | D:4      | Noticed Blork the orc
  3729 | D:4      | Killed Blork the orc
  3730 | D:4      | Reached skill level 8 in Long Blades
  3892 | D:4      | Found a runed translucent door.
  3893 | D:4      | Noticed Crazy Yiuf
  3900 | D:4      | Killed Crazy Yiuf
  4072 | D:4      | Noticed Natasha
  4077 | D:4      | Killed Natasha
  4078 | D:4      | Reached XP level 8. HP: 69/71 MP: 8/8
  4129 | D:5      | Entered Level 5 of the Dungeon
  4341 | D:5      | Noticed Eustachio
  4351 | D:5      | Killed Eustachio
  4352 | D:5      | Reached skill level 9 in Long Blades
  5287 | D:6      | Reached skill level 10 in Long Blades
  5352 | D:6      | Reached XP level 9. HP: 62/81 MP: 9/9
  5898 | D:6      | Found a shadowy altar of Dithmenos.
  5898 | D:6      | Found an ornate altar of the Wu Jian Council.
  5898 | D:6      | Found a shimmering blue altar of Sif Muna.
  6673 | D:6      | Noticed Prince Ribbit
  6681 | D:6      | Killed Prince Ribbit
  6682 | D:6      | Reached skill level 11 in Long Blades
  7149 | D:7      | Noticed a troll
  7157 | D:7      | Killed a troll
  7162 | D:7      | Noticed a brown ugly thing
  7550 | D:7      | Reached skill level 12 in Long Blades
  7663 | D:7      | Found a staircase to the Ecumenical Temple.
  7721 | Temple   | Entered the Ecumenical Temple
  7841 | Temple   | Became a worshipper of Makhleb the Destroyer
  7841 | Temple   | Reached * piety under Makhleb
  7841 | Temple   | Reached ** piety under Makhleb
  8017 | D:7      | Found Piubylin's Distillery.
  8154 | D:7      | Killed a brown ugly thing
  8155 | D:7      | Reached XP level 10. HP: 82/93 MP: 9/11
  8346 | D:8      | Noticed a two-headed ogre
  8354 | D:8      | Killed a two-headed ogre
  8355 | D:8      | Reached skill level 10 in Fighting
  8527 | D:8      | Reached skill level 5 in Invocations
  8584 | D:8      | Noticed a boulder beetle
  8593 | D:8      | Slain by a boulder beetle

Illustrated notes

Levels and vault maps discovered:
D:1:      onia_arrival_mini_maze, layout_loops_cross, minmay_fountain_box
D:2:      layout_basic, uniq_jessica, uniq_terence
D:3:      layout_loops_ring, chequers_ecumenical_altar_simple_redux
D:4:      layout_loops_ring, wad_orctagon, uniq_pikel, uniq_crazy_yiuf_cottage,
          uniq_blork_the_orc, uniq_natasha
D:5:      old_forge, layout_loops_ring, uniq_eustachio
D:6:      layout_loops_corners, chequers_temple_overflow_statue_of_worship,
          uniq_prince_ribbit1
D:7:      minmay_cornered_nines, layout_cave_pools, temple_green, serial_shops,
          nicolae_shop_window_shopping
D:8:      layout_rooms, erik_lair_dragon, minmay_crossroads
Temple:   dpeg_five_rooms_temple

Skill      XL: |  1  2  3  4  5  6  7  8  9 10 |
---------------+-------------------------------+-----
Long Blades    | 4 5 6 7 8 10 12 | 12.0
Fighting       | 4 5 6 8 9 10 | 10.3
Invocations    | 2 5 |  5.0
Dodging        | |  2.6
Stealth        | |  1.7

Action                   |  1- 3 |  4- 6 |  7- 9 | 10-12 || total
-------------------------+-------+-------+-------+-------++-------
Melee: Falchion          |    90 |    25 |    21 |    32 ||   168
       Tailslap          |     9 |    16 |    28 |     3 ||    56
       Long sword        |       |    65 |   178 |       ||   243
       Punch             |       |       |     6 |       ||     6
 Abil: Breathe Lightning |       |       |     4 |       ||     4
Evoke: Wand              |       |       |     5 |     9 ||    14
  Use: Potion            |       |     4 |     1 |       ||     5
       Scroll            |       |     2 |     1 |       ||     3
 Stab: Sleeping          |     4 |     1 |     5 |       ||    10
Armor: Skin              |    38 |    26 |    49 |     9 ||   122
Dodge: Dodged            |    74 |    56 |    82 |    12 ||   224

Table legend: (Time is in decaauts)
 A = Elapsed time spent in this place.
 B = Non-inter-level travel time spent in this place.
 C = Inter-level travel time spent in this place.
 D = Time resting spent in this place.
 E = Time spent auto-exploring this place.
 F = Levels seen in this place.
 G = Mean time per level.
                   A        B        C        D        E       F      G
               +--------+--------+--------+--------+--------+-----+--------+
         Total |   8579 |   8243 |    336 |      0 |   6963 |   9 |  953.2 |
       Dungeon |   8362 |   8056 |    306 |      0 |   6791 |   8 | 1045.2 |
        Temple |    216 |    186 |     30 |      0 |    172 |   1 |  216.0 |
               +--------+--------+--------+--------+--------+-----+--------+

Top non-repeatable levels by time:
     D:6: 1962 daAuts
     D:4: 1402 daAuts
     D:1: 1159 daAuts
     D:7: 1031 daAuts
     D:5: 980 daAuts
     D:2: 809 daAuts
     D:3: 763 daAuts
     D:8: 253 daAuts
  Temple: 216 daAuts
